 Dungeon Crawl Stone Soup version 0.25-a0-474-ga8a2ee3166 (webtiles) character file.

Game seed: 3044762043385449455, levelgen mode: classic

394 EnegeticOcto the Skirmisher (level 7, -9/49 HPs)
             Began as a Halfling Warper on Feb 8, 2020.
             Mangled by an ogre
             ... wielding a +0 giant club
              (20 damage)
             ... on level 4 of the Dungeon.
             The game lasted 00:06:17 (5556 turns).

EnegeticOcto the Skirmisher (Halfling Warper)       Turns: 5556, Time: 00:06:17

Health: -9/49      AC: 13    Str: 14    XL:     7   Next: 9%
Magic:  9/9        EV:  6    Int: 17    God:
Gold:   206        SH:  0    Dex: 14    Spells: 7/9 levels left

rFire    . . .     SeeInvis .   q - +0 quarterstaff
rCold    . . .     Gourm    .   (shield currently unavailable)
rNeg     . . .     Faith    .   l - +0 plate armour
rPois    .         Spirit   .   (no helmet)
rElec    .         Reflect  .   m - +0 cloak
rCorr    .         Harm     .   (no gloves)
MR       .....                  p - +0 pair of boots
Stlth    ..........             (no amulet)
HPRegen  0.16/turn              h - +6 ring of intelligence
MPRegen  0.11/turn              b - ring of wizardry

@: no status effects
A: small, mutation resistance 1
a: no special abilities


You were on level 4 of the Dungeon.
You were hungry.

You visited 1 branch of the dungeon, and saw 4 of its levels.

You collected 206 gold pieces.

Inventory:

Hand Weapons
 a - a +0 short sword
 q - a +0 quarterstaff (weapon)
Missiles
 c - 57 stones
 f - a boomerang of dispersal
 k - 19 sling bullets
 o - 5 boomerangs (quivered)
Armour
 l - a +0 plate armour (worn)
 m - a +0 cloak (worn)
 p - a +0 pair of boots (worn)
Jewellery
 b - a ring of wizardry (right hand)
 h - a +6 ring of intelligence (left hand)
Scrolls
 d - a scroll of blinking {@r4}
 i - 2 scrolls of remove curse {@r2}
 j - 2 scrolls of identify {@r1}
 n - a scroll of teleportation {@r3 !r}
Potions
 g - 2 potions of curing {@q1 !q}
Comestibles
 e - 6 rations
 r - 3 chunks of flesh


   Skills:
 + Level 4.6 Fighting
 - Level 2.4 Short Blades
 * Level 3.0 Staves
 - Level 1.0 Throwing
 + Level 3.1 Armour
 - Level 2.1 Dodging
 - Level 1.5 Spellcasting
 - Level 3.2 Translocations


You had 7 spell levels left.
You knew the following spells:

 Your Spells              Type           Power        Failure   Level  Hunger
Y - Blink                 Tloc           N/A          95%         2    ###....

Your spell library contained the following spells:

 Spells                   Type           Power        Failure   Level  Hunger
 Shroud of Golubria       Chrm/Tloc      #.....       99%         2    ###....
 Gell's Gravitas          Tloc           ##........   99%         3    ####...
 Lesser Beckoning         Tloc           ##........   99%         3    ####...
 Teleport Other           Tloc           ##......     99%         3    ####...
 Passage of Golubria      Tloc           N/A          100%        4    #####..


Dungeon Overview and Level Annotations

Branches:
Dungeon (4/15)
 Temple: D:4-7

Altars:
Nemelex Xobeh
Qazlal
Ru
Vehumet

Annotations:
D:3 1 runed translucent door, Ijustatesigmund's ghost, amateur HOFi


Innate Abilities, Weirdness & Mutations

You are small and have problems with some larger weapons.
You are somewhat resistant to further mutation.


Message History

You hit the hound but do no damage.
The hound is moderately wounded.
The hound bites you but does no damage. The hound closely misses you.
You hit the hound.
The hound is severely wounded.
The hound bites you but does no damage. x2
You closely miss the hound.
The hound is severely wounded.
The hound bites you. The hound bites you but does no damage.
You miss the hound.
The hound is heavily wounded.
The hound bites you but does no damage.
You sock the hound!
You kill the hound!
You have reached level 7!
e - 6 rations (gained 1)
You butcher the hound corpse.
r - 3 chunks of flesh You see here a hound skeleton. x2
An adder comes into view.
The adder hisses angrily.
The adder moves out of view.
The ogre shouts!
Unknown command.
The adder bites you but does no damage.
You closely miss the adder.
The adder bites you but does no damage. x2
Your plate armour prevents you from hitting the adder.
The adder bites you but does no damage.
You closely miss the adder. The adder bites you.
The adder bites you but does no damage. The adder bites you but does no damage.
You hit the adder.
The adder is lightly wounded.
The adder barely misses you. The adder completely misses you.
You miss the adder.
The adder is lightly wounded.
The adder bites you.
You are poisoned.
The adder poisons you!
You closely miss the adder.
The adder is lightly wounded.
You feel sick.
The adder bites you but does no damage. x2
You hit the adder.
The adder is severely wounded.
The adder bites you but does no damage.
Your plate armour prevents you from hitting the adder.
The adder is severely wounded.
You feel sick. The adder barely misses you. The adder bites you.
Your plate armour prevents you from hitting the adder.
The adder is severely wounded.
The adder barely misses you.
You miss the adder.
The adder is severely wounded.
The adder bites you. The adder bites you but does no damage.
You closely miss the adder.
The adder is severely wounded.
You feel sick. The adder bites you but does no damage.
The adder bites you but does no damage.
You barely miss the adder.
The adder is severely wounded.
The adder bites you.
You are more poisoned.
The adder poisons you!
You closely miss the adder.
The adder is severely wounded.
You feel sick.
The adder bites you but does no damage. x2
You miss the adder.
The adder is severely wounded.
The adder barely misses you.
You sock the adder!
You kill the adder!
Your Staves skill increases to level 3!
You feel sick.
Unknown command.
You sock the ogre!
The ogre is moderately wounded.
The ogre hits you with a +0 giant club!
You feel sick.
You feel sick.
You feel sick.
You completely miss the ogre.
The ogre is moderately wounded.
The ogre hits you but does no damage.
You hit the ogre.
The ogre is heavily wounded.
You are feeling hungry.
You feel sick. The ogre barely misses you.
You hit the ogre.
The ogre is severely wounded.
The ogre barely misses you.
You closely miss the ogre.
The ogre is severely wounded.
The ogre hits you with a +0 giant club!
* * * LOW HITPOINT WARNING * * *
Your plate armour prevents you from hitting the ogre.
The ogre is severely wounded.
You feel sick.
You are no longer poisoned.
The ogre hits you with a +0 giant club!!
You die...

#.# ..... #.# ... +#....# #.#
.... ### ...#.. ####.# #... #..
###...###.. .....### #..# #.#
#E#...#E#.. .......# #..#
#.#####...###.. .....#.# #..#
##.##........... #.#.<#.#
#..####........_...... .....#.#
#...O@...#รท...........
..#..#.###
##.####..#.###...###.>
..##.#...# #.# ##.#.#E#...#E##.
.
##.###.####.#####.#.###...###..
.............##....### ###.#
##. .##.#.#####..##.######## .#
#. #... #............. .# #.
... #.###.######## #. ####
#.....# ##


You could see an ogre.

Vanquished Creatures
  Edmund (D:4)
  2 hounds (D:4)
  An orc wizard (D:2)
  A howler monkey skeleton (D:4)
  8 adders
  2 oozes
  3 worms
  2 dart slugs
  8 leopard geckos
  12 orcs
  2 ball pythons (D:3)
  2 giant cockroaches (D:3)
  4 hobgoblins
  A quokka (D:2)
  10 bats
  3 frilled lizards
  7 goblins (D:1)
  6 kobolds
  5 rats
80 creatures vanquished.

Notes
Turn   | Place    | Note
-------+----------+-------------------------------------------
     0 | D:1      | EnegeticOcto the Halfling Warper began the quest for the
                  | Orb.
     0 | D:1      | Reached XP level 1. HP: 14/14 MP: 3/3
    24 | D:1      | Reached skill level 2 in Fighting
    68 | D:1      | Reached XP level 2. HP: 8/20 MP: 4/4
   741 | D:1      | Reached skill level 3 in Fighting
   741 | D:1      | Reached XP level 3. HP: 25/26 MP: 5/5
   755 | D:1      | Learned a level 2 spell: Blink
  1786 | D:2      | Reached XP level 4. HP: 32/32 MP: 6/6
  2862 | D:3      | Found a runed translucent door.
  2925 | D:3      | Reached skill level 4 in Fighting
  3074 | D:3      | Reached XP level 5. HP: 32/37 MP: 7/7
  3246 | D:2      | Reached skill level 1 in Staves
  3573 | D:3      | Found a sparkling altar of Nemelex Xobeh.
  3573 | D:3      | Found a radiant altar of Vehumet.
  3573 | D:3      | Found a sacrificial altar of Ru.
  3763 | D:3      | Noticed Ijustatesigmund's ghost (amateur HOFi)
  4206 | D:4      | Reached XP level 6. HP: 31/43 MP: 8/8
  4540 | D:4      | Noticed an ogre
  4977 | D:4      | Noticed a water elemental
  4977 | D:4      | Noticed Edmund
  5025 | D:4      | Killed Edmund
  5475 | D:4      | Found a stormy altar of Qazlal.
  5483 | D:4      | Reached XP level 7. HP: 45/49 MP: 9/9
  5506 | D:4      | Noticed a fire elemental
  5508 | D:4      | Noticed an air elemental
  5556 | D:4      | Mangled by an ogre

Levels and vault maps discovered:
D:1:      kennysheep_arrival_forest, layout_basic, hangedman_decor_points
D:2:      layout_basic, minmay_misc_feat_roman
D:3:      layout_basic, gammafunk_temple_overflow_claw, ebering_ghost_sewer_d,
          first_ration
D:4:      layout_basic, nicolae_qazlal_style_of_elements, uniq_edmund,
          uniq_sigmund

Skill      XL: |  1  2  3  4  5  6  7 |
---------------+----------------------+-----
Fighting       | 2 3 4 |  4.6
Staves         | 1 2 3 |  3.0
Armour         | 2 3 |  3.1
Short Blades   | |  2.4
Throwing       | |  1.0
Dodging        | |  2.1
Spellcasting   | |  1.5
Translocations | |  3.2

Action                   |  1- 3 |  4- 6 |  7- 9 || total
-------------------------+-------+-------+-------++-------
Melee: Short sword       |   120 |    70 |       ||   190
       Quarterstaff      |       |   204 |    21 ||   225
Throw: Boomerang         |     2 |     9 |       ||    11
 Cast: Blink             |       |     1 |       ||     1
  Use: Scroll            |     2 |     3 |       ||     5
       Potion            |       |     1 |       ||     1
 Stab: Sleeping          |     1 |       |       ||     1
  Eat: Chunk             |     3 |     5 |       ||     8
       Ration            |       |     2 |       ||     2
Armor: Leather armour    |    20 |     9 |       ||    29
       Plate armour      |       |   182 |    15 ||   197
Dodge: Dodged            |   112 |    99 |     7 ||   218

Table legend:
 A = Non-vault XP
 B = Vault XP
 C = Vault XP percentage of total XP
 D = Non-vault monster count
 E = Vault monster count
 F = Vault count percentage of total count
                 A         B        C        D         E       F
            +---------+---------+-------+---------+---------+-------
      Total |     406 |     158 |  28.0 |      79 |       1 |   1.2
            +---------+---------+-------+---------+---------+-------
        D:1 |      48 |       0 |   0.0 |      22 |       0 |   0.0
        D:2 |      99 |       0 |   0.0 |      20 |       0 |   0.0
        D:3 |     100 |       0 |   0.0 |      28 |       0 |   0.0
        D:4 |     159 |     158 |  49.8 |       9 |       1 |  10.0
            +---------+---------+-------+---------+---------+-------
